AoeStats
← AtilaTheHun

Arabia

510559232Analyzed
1v1 RM · 11h ago on Oct 1, 2026· 97m 37s· 2 players
Game mode
Random Map
Map size
Tiny (2 player)
Population
200
Speed
Normal
Resources
Standard
Victory
Conquest
Starting age
Dark Age
Ending age
Imperial Age
RankedLock teamsTeams togetherTeam positionsShared explorationLock speedFull tech treeHidden civsTurbo modeCheats
Victory
Defeat
🇹🇷 Turks · Türkiye
674
+14
🇵🇪 Byzantines · Peru
634
-14
AtilaTheHun
1:52 Loom
12:27 Feudal Age
10:44 Loom
13:07 Double-Bit Axe
16:30 Wheelbarrow
20:04 Castle Age
20:42 Forging
20:24 Fletching
20:43 Scale Barding Armor
21:04 Bow Saw
20:49 Gold Mining
20:51 Stone Mining
23:11 Horse Collar
25:53 Heavy Plow
25:18 Pikeman
27:19 Iron Casting
30:20 Hand Cart
37:13 Imperial Age
35:18 Ballistics
35:58 Murder Holes
36:27 Bodkin Arrow
36:34 Scale Mail Armor
36:56 Chain Barding Armor
36:37 Padded Archer Armor
38:32 Crop Rotation
39:03 Two-Man Saw
38:11 Bracer
38:27 Chain Mail Armor
38:49 Gold Shaft Mining
39:31 Conscription
39:51 Elite Skirmisher
40:34 Squires
41:50 Plate Mail Armor
41:36 Leather Archer Armor
41:57 Plate Barding Armor
42:02 Heavy Camel Rider
44:44 Cavalier
45:58 Halberdier
49:49 Ring Archer Armor
50:09 Husbandry
58:38 Elite Varangian Guard
64:24 Paladin
73:49 Hoardings
86:45 Elite Cataphract
97:24 Light Cavalry
Sarısaltuk
13:14 Feudal Age
21:07 Castle Age
21:40 Double-Bit Axe
21:39 Horse Collar
22:51 Stone Mining
24:35 Loom
24:36 Town Watch
27:08 Wheelbarrow
29:54 Hand Cart
34:17 Ballistics
33:53 Murder Holes
33:55 Gold Mining
34:18 Bow Saw
34:10 Heavy Plow
34:32 Treadmill Crane
35:21 Town Patrol
36:15 Masonry
36:40 Bloodlines
36:31 Husbandry
42:31 Imperial Age
41:21 Scale Barding Armor
41:26 Forging
41:07 Fletching
41:17 Padded Archer Armor
41:17 Scale Mail Armor
45:21 Gold Shaft Mining
44:36 Arrowslits
56:34 Chain Barding Armor
56:29 Chain Mail Armor
56:30 Leather Archer Armor
56:10 Bodkin Arrow
56:51 Iron Casting
60:30 Two-Man Saw
Connection lost

Rejoining the realm…

Still unreachable

The connection could not be restored.

Session expired

The server has moved on; the page needs a fresh start.